 Dungeon Crawl Stone Soup version 0.27-a0-1555-g0e7b3fb1d2 (webtiles) character file.

Game seed: 10202890485571652587

6712 Gwenloh the Grappler (level 10, -1/88 HPs)
             Began as a Troll Monk on July 14, 2021.
             Was a High Priest of Okawaru.
             Slain by a hornet (7 damage)
             ... on level 9 of the Dungeon.
             The game lasted 00:25:59 (8403 turns).

Gwenloh the Grappler (Troll Monk)                   Turns: 8403, Time: 00:26:00

Health: -1/88      AC:  4    Str: 21    XL:     10   Next: 74%
Magic:  6/9        EV: 13    Int:  6    God:    Okawaru [*****.]
Gold:   535        SH:  5    Dex: 15    Spells: 9/9 levels left

rFire    . . .     SeeInvis .     - Unarmed
rCold    . . .     Faith    .   (no shield)
rNeg     . . .     Spirit   .   a - +0 robe
rPois    .         Reflect  +   h - +0 hat
rElec    .         Harm     .   (no cloak)
rCorr    .         Rampage  .   (gloves unavailable)
Will     +....                  (boots unavailable)
Stlth    +++.......             k - amulet of reflection
HPRegen  1.24/turn              e - ring of willpower
MPRegen  0.11/turn              w - ring of flight

@: lethally poisoned (-1 -> -10), heroic, flying, slowed, very slow
A: large, unfitting armour, claws 3, regeneration 1, shaggy fur 1, tough skin 1
a: Renounce Religion, Heroism, Finesse


You were on level 9 of the Dungeon.
You worshipped Okawaru.
Okawaru was extremely pleased with you.
You visited 2 branches of the dungeon, and saw 10 of its levels.

You collected 535 gold pieces.

Inventory:

Missiles
 b - 234 stones
 r - 23 poisoned darts
 F - 15 boomerangs (quivered)
 G - 5 javelins
 L - 5 atropa-tipped darts
 M - 2 large rocks
 N - a curare-tipped dart
Armour
 a - a +0 robe (worn)
 h - a +0 hat (worn)
Jewellery
 e - a ring of willpower (left claw)
 k - an amulet of reflection (around neck)
 w - a ring of flight (right claw)
 D - a ring of magical power
 E - a ring of see invisible
Wands
 m - a wand of polymorph (20)
 J - a wand of digging (8)
 K - a wand of charming (11)
Scrolls
 f - a scroll of enchant armour {unknown}
 i - 3 scrolls of holy word
 j - 2 scrolls of summoning
 n - 4 scrolls of noise
 p - 2 scrolls of enchant weapon
 q - a scroll of acquirement {unknown}
 u - 2 scrolls of teleportation
 v - a scroll of vulnerability {unknown}
 y - 4 scrolls of amnesia
 A - 2 scrolls of immolation {unknown}
 B - a scroll of brand weapon {unknown}
 C - 2 scrolls of fog {unknown}
 I - a scroll of blinking {unknown}
Potions
 c - 2 potions of flight {unknown}
 d - a potion of ambrosia {unknown}
 g - a potion of mutation {unknown}
 l - 7 potions of curing {unknown}
 o - 2 potions of might {unknown}
 s - 2 potions of lignification {unknown}
 t - a potion of degeneration {unknown}
 x - 2 potions of resistance {unknown}
 z - a potion of magic {unknown}
 H - a potion of attraction {unknown}


   Skills:
 + Level 2.4(7.4) Fighting
 + Level 10.5(15.5) Throwing
 + Level 0.1(5.1) Armour
 - Level 2.4(7.4) Dodging
 - Level 1.0(6.0) Stealth
 + Level 11.9(16.9) Unarmed Combat
 + Level 0.1 Invocations


You had 9 spell levels left.
You didn't know any spells.
Your spell library contained the following spells:

 Spells                   Type           Power      Damage    Failure   Level
 Beastly Appendage        Tmut           0%         N/A       45%         1
 Ensorcelled Hibernation  Hex/Ice        0%         N/A       58%         2
 Wereblood                Tmut           0%         N/A       58%         2
 Spider Form              Tmut/Pois      0%         N/A       83%         3
 Stone Arrow              Conj/Erth      0%         3d7       83%         3
 Animate Armour           Summ/Erth      0%         N/A       99%         4
 Blade Hands              Tmut           0%         N/A       100%        5
 Iron Shot                Conj/Erth      0%         9d1       100%        6
 Shadow Creatures         Summ           N/A        N/A       100%        6
 Lehudib's Crystal Spear  Conj/Erth      0%         10d2      100%        8


Dungeon Overview and Level Annotations

Branches:
Dungeon (9/15)             Temple (1/1) D:7
   Lair: D:8-11         Orc: D:9-12

Altars:
Ashenzari
Cheibriados
Dithmenos
Elyvilon
Fedhas
Gozag
Hepliaklqana
Kikubaaqudgha
Makhleb
Nemelex Xobeh
Okawaru
Qazlal
Ru
Sif Muna
Trog
Uskayaw
Vehumet
Wu Jian
Xom
Yredelemnul
Zin
The Shining One

Annotations:
D:7 3 runed translucent doors


Innate Abilities, Weirdness & Mutations

You are too large for most types of armour.
You have claws for hands.
Your natural rate of healing is unusually fast.
You are covered in fur. (AC +1)
You have tough skin. (AC +1)


Message History

You can move again.
You scratch the hornet but do no damage.
The hornet is heavily wounded.
You feel sick. The hornet stings you!
You feel yourself slow down.
You closely miss the hornet. Your claw misses the hornet.
The hornet is heavily wounded.
You feel sick. The hornet barely misses you. The hornet stings you.
You feel as though you will be slow longer.
You closely miss the hornet.
The hornet is heavily wounded.
You feel sick. You block the hornet's attack.
You closely miss the hornet.
The hornet is heavily wounded.
You feel sick. The hornet barely misses you. The hornet stings you!
You feel as though you will be slow longer.
You miss the hornet.
The hornet is heavily wounded.
You feel like a meek peon again.
You feel sick. The hornet stings you.
You suddenly lose the ability to move!
The hornet stings you!
You are more poisoned.
You feel as though you will be slow longer.
You feel very sick. The hornet stings you!
You feel as though you will be slow longer.
You feel very sick. The hornet stings you.
* * * LOW HITPOINT WARNING * * *
You are more poisoned.
You feel as though you will be slow longer.
The hornet stings you!
* * * LOW HITPOINT WARNING * * *
You are lethally poisoned!
You shrug off the repeated paralysis!
You can move again.
You gain the combat prowess of a mighty hero.
* * * LOW HITPOINT WARNING * * *
You feel extremely sick. You block the hornet's attack. The hornet stings you!
You die...

#. #.... #.## #.... ..#
#.... #.# #....
#####.###.... #######
#........^... .......
#.##.........
.......######.##.#.##....
......cy@.....##.#..#....
..(....#####..##.#..#.)..
....... ####..##.#....#+#
.......##..)..##+#..).# #
.......#...##.#.......#.#
.....yc#...+..#.........+
.......#...####....##...#
########...# #.........#
##### #...####..#


You could see a hornet and a centaur.

Vanquished Creatures
  Gastronok (D:8)
  An ugly thing (D:7)
  Joseph (D:9)
  Grinder (D:5)
  A vampire (D:9)
  4 yaks (D:9)
  A wyvern (D:9)
  2 vampire mosquitoes (D:6)
  A black bear (D:7)
  An ice beast (D:6)
  2 orc warriors
  2 sky beasts
  2 ogres (D:6)
  5 centaurs
  2 phantoms
  2 bullfrogs
  2 kobold brigands
  A wyvern zombie (D:7)
  2 scorpions
  A water moccasin skeleton (D:5)
  3 killer bees (D:8)
  A howler monkey (D:6)
  2 centaur zombies
  2 hounds (D:5)
  2 jellies
  3 orc priests
  A gnoll shaman (D:4)
  A centaur skeleton (D:7)
  An iron imp (D:7)
  3 bullfrog skeletons
  A scorpion zombie (D:5)
  3 iguanas (D:6)
  10 orc wizards
  5 gnolls (D:4)
  2 howler monkey skeletons
  7 adders
  A shadow imp (D:6)
  A white imp (D:8)
  An ufetubus (D:4)
  2 worms
  3 dart slugs
  22 orcs
  9 ball pythons
  9 bats
  5 endoplasms
  4 giant cockroaches
  6 goblins
  10 hobgoblins
  6 jackals
  10 kobolds
  3 quokkas
  A frilled lizard (D:2)
  4 rats
  A butterfly (D:7)
180 creatures vanquished.

Vanquished Creatures (others)
  An orc wizard (D:9)
  An orc (D:9)
  A plant (D:9)
3 creatures vanquished.

Grand Total: 183 creatures vanquished

Notes
Turn   | Place    | Note
-------+----------+-------------------------------------------
     0 | D:1      | Gwenloh the Troll Monk began the quest for the Orb.
     0 | D:1      | Reached XP level 1. HP: 22/22 MP: 0/0
   391 | D:1      | Reached XP level 2. HP: 29/29 MP: 1/1
   580 | D:1      | Reached skill level 1 in Throwing
  1373 | D:2      | Reached XP level 3. HP: 36/36 MP: 2/2
  1676 | D:2      | Reached skill level 4 in Unarmed Combat
  1797 | D:2      | Found an iron altar of Okawaru.
  1874 | D:2      | Found a faded altar of an unknown god.
  1967 | D:2      | Found an iron altar of Okawaru.
  1973 | D:2      | Became a worshipper of Warmaster Okawaru
  1973 | D:2      | Reached * piety under Okawaru
  1973 | D:2      | Reached ** piety under Okawaru
  1982 | D:2      | Found a faded altar of an unknown god.
  2514 | D:3      | Reached XP level 4. HP: 44/44 MP: 3/3
  2723 | D:3      | Found a bloodstained altar of Trog.
  2725 | D:3      | Found a sacrificial altar of Ru.
  2725 | D:3      | Found an opulent altar of Gozag.
  2726 | D:3      | Found a shadowy altar of Dithmenos.
  2728 | D:3      | Found an iron altar of Okawaru.
  2829 | D:3      | Found a shimmering altar of Xom.
  2830 | D:3      | Found a hide-covered altar of Uskayaw.
  3197 | D:4      | Noticed a scorpion
  3203 | D:4      | Killed a scorpion
  3204 | D:4      | Reached XP level 5. HP: 50/50 MP: 4/4
  3318 | D:4      | Found a broken altar of Ashenzari.
  3395 | D:4      | Reached skill level 5 in Unarmed Combat
  3611 | D:4      | Noticed a sky beast
  3626 | D:4      | Killed a sky beast
  3627 | D:4      | Reached XP level 6. HP: 23/59 MP: 5/5
  4056 | D:4      | Reached *** piety under Okawaru
  4057 | D:4      | Reached skill level 6 in Unarmed Combat
  4241 | D:5      | Entered Level 5 of the Dungeon
  4309 | D:5      | Noticed a sky beast
  4320 | D:5      | Killed a sky beast
  4321 | D:5      | Reached XP level 7. HP: 59/66 MP: 6/6
  4530 | D:5      | Reached skill level 5 in Throwing
  4609 | D:5      | Reached skill level 7 in Unarmed Combat
  4654 | D:5      | Reached XP level 8. HP: 74/74 MP: 7/7
  4671 | D:5      | Noticed Grinder
  4707 | D:5      | Paralysed by Grinder for 5 turns
  4719 | D:5      | Killed Grinder
  4719 | D:5      | Reached **** piety under Okawaru
  4822 | D:5      | Found a shimmering blue altar of Sif Muna.
  5052 | D:6      | Reached skill level 8 in Unarmed Combat
  5771 | D:6      | Reached skill level 9 in Unarmed Combat
  5771 | D:6      | Reached XP level 9. HP: 80/80 MP: 8/8
  6092 | D:7      | Reached ***** piety under Okawaru
  6124 | D:7      | Found a runed translucent door.
  6126 | D:7      | Found a runed translucent door.
  6126 | D:7      | Noticed a purple ugly thing
  6174 | D:7      | Found a basalt altar of Yredelemnul.
  6194 | D:7      | Received a gift from Okawaru
  6217 | D:7      | Found a stormy altar of Qazlal.
  6243 | D:7      | Found a staircase to the Ecumenical Temple.
  6317 | D:7      | Noticed a manticore
  6669 | D:7      | Found a snail-covered altar of Cheibriados.
  6724 | D:7      | Reached skill level 10 in Unarmed Combat
  6790 | D:7      | Killed a purple ugly thing
  6867 | D:7      | Found a runed translucent door.
  6867 | D:7      | Noticed a skeletal warrior
  6868 | D:7      | Found a runed translucent door.
  6869 | D:7      | Found a runed translucent door.
  6869 | D:7      | Noticed a skeletal warrior
  7006 | Temple   | Entered the Ecumenical Temple
  7462 | D:8      | Noticed Gastronok
  7521 | D:8      | Received a gift from Okawaru
  7534 | D:8      | Killed Gastronok
  7535 | D:8      | Reached skill level 11 in Unarmed Combat
  7535 | D:8      | Reached XP level 10. HP: 88/88 MP: 7/9
  7702 | D:8      | Reached skill level 10 in Throwing
  7944 | D:9      | Noticed Joseph
  7952 | D:9      | Received a gift from Okawaru
  7965 | D:9      | Killed Joseph
  8118 | D:9      | Found a blossoming altar of Fedhas.
  8127 | D:9      | Received a gift from Okawaru
  8165 | D:9      | HP: 4/88 [something] (4)]
  8394 | D:9      | Paralysed by a hornet for 1 turns
  8400 | D:9      | Paralysed by a hornet for 3 turns
  8403 | D:9      | Slain by a hornet

Illustrated notes

Levels and vault maps discovered:
D:1:      minmay_arrival_wavy_path, layout_basic, serial_park_tiny_2
D:2:      layout_loops_ring, dreamdust_ecumenical_altar_angels_and_demons,
          basic_altar
D:3:      minmay_general_purpose_star, layout_rooms, minitemple,
          gammafunk_temple_overflow_statue, serial_park_tiny_pond
D:4:      layout_basic, cheibrodos_ashenzari_chains, saegor_snake_ambush
D:5:      kb_forest_paths, layout_basic, led_sif_pool, minivault_24,
          item_on_display_b, uniq_grinder
D:6:      layout_basic, kb_lookout_dungeons_type, minmay_puff
D:7:      minmay_the_grid_triangle_9x9_rhombus_full
          [minmay_the_grid_triangle_9x9_corrupted_corridor,
          minmay_the_grid_triangle_9x9_flanged_cone,
          minmay_the_grid_triangle_9x9_tough_junction,
          minmay_the_grid_triangle_9x9_negative_grid,
          minmay_the_grid_triangle_9x9_fully_insulated_deathbox,
          minmay_the_grid_triangle_9x9_subtriangle,
          minmay_the_grid_triangle_9x9_dagger,
          minmay_the_grid_triangle_9x9_prize_insulated], layout_basic,
          nicolae_overflow_crystal_walls, slow_altar_2,
          mainiacjoe_overflow_boulevard, minmay_temple_entry_butterflies,
          amcnicky_mini_rare_corridor_liquid, lightli_corner_chamber
D:8:      layout_loops_cross, uniq_gastronok
D:9:      layout_basic, fedhas_altar_1, special_room [special_room_orc],
          hangedman_abyss_or_decor_passed, uniq_joseph
Temple:   compressed_dpeg_triangle_lava_temple

Skill      XL: |  1  2  3  4  5  6  7  8  9 10 |
---------------+-------------------------------+-----
Throwing       | 1 2 3 4 5 7 9 10 | 10.5
Unarmed Combat | 4 5 6 7 9 11 | 11.9
Fighting       | |  2.4
Armour         | |  0.1
Dodging        | |  2.4
Stealth        | |  1.0
Invocations    | |  0.1

Action                   |  1- 3 |  4- 6 |  7- 9 | 10-12 || total
-------------------------+-------+-------+-------+-------++-------
Melee: Unarmed           |    98 |    98 |   176 |    77 ||   449
       Punch             |       |       |    14 |     7 ||    21
Throw: Stone             |   109 |    25 |    22 |       ||   156
       Dart              |       |    36 |    57 |       ||    93
       Javelin           |       |       |    18 |     5 ||    23
       Boomerang         |       |       |       |    47 ||    47
Invok: Heroism           |       |     3 |     4 |     3 ||    10
       Finesse           |       |       |     1 |       ||     1
  Use: Scroll            |       |       |       |     6 ||     6
 Stab: Sleeping          |       |       |     1 |       ||     1
Armor: Robe              |    23 |    12 |    23 |     8 ||    66
Dodge: Dodged            |    43 |    33 |    69 |    25 ||   170
Block: Other             |       |    11 |    28 |    18 ||    57
       Reflection        |       |       |     1 |     2 ||     3

Table legend: (Time is in decaauts)
 A = Elapsed time spent in this place.
 B = Non-inter-level travel time spent in this place.
 C = Inter-level travel time spent in this place.
 D = Time resting spent in this place.
 E = Time spent auto-exploring this place.
 F = Levels seen in this place.
 G = Mean time per level.
                   A        B        C        D        E       F      G
               +--------+--------+--------+--------+--------+-----+--------+
         Total |   8359 |   8068 |    291 |    153 |   6488 |  10 |  835.9 |
       Dungeon |   8166 |   7890 |    276 |    153 |   6388 |   9 |  907.3 |
        Temple |    192 |    177 |     15 |      0 |    100 |   1 |  192.0 |
               +--------+--------+--------+--------+--------+-----+--------+

Top non-repeatable levels by time:
     D:1: 1358 daAuts
     D:7: 1141 daAuts
     D:4: 1117 daAuts
     D:2: 1056 daAuts
     D:6: 892 daAuts
     D:5: 760 daAuts
     D:3: 713 daAuts
     D:8: 656 daAuts
     D:9: 469 daAuts
  Temple: 192 daAuts
